 Dungeon Crawl Stone Soup version 0.23-a0-494-g91793a9 (webtiles) character file.

40 MalarOregon the Poker (level 3, 0/28 HPs)
             Began as a Merfolk Skald on Dec 4, 2018.
             Killed from afar by Natasha (7 damage)
             ... with a magic dart
             ... on level 2 of the Dungeon.
             The game lasted 00:03:37 (1187 turns).

MalarOregon the Poker (Merfolk Skald)               Turns: 1187, Time: 00:03:37

Health: 0/28       AC:  3    Str: 11    XL:     3   Next: 50%
Magic:  1/6        EV: 12    Int: 13    God:
Gold:   66         SH:  0    Dex: 13    Spells: 1/6 levels left

rFire    . . .     SeeInvis .   a - +0 spear
rCold    . . .     Gourm    .   (no shield)
rNeg     . . .     Faith    .   b - +0 leather armour
rPois    .         Spirit   .   (no helmet)
rElec    .         Reflect  .   (no cloak)
rCorr    .         Harm     .   (no gloves)
MR       .....                  (no boots)
Stlth    +.........             (no amulet)
HPRegen  0.09/turn              f - ring of flight
MPRegen  0.10/turn              (no ring)

@: very slightly contaminated, slowed, very slow
A: change form in water, swift swim, stealthy swim
a: Evoke Flight


You were on level 2 of the Dungeon.
You were not hungry.

You visited 1 branch of the dungeon, and saw 2 of its levels.

You collected 66 gold pieces.

Inventory:

Hand Weapons
 a - a +0 spear (weapon)
Armour
 b - a +0 leather armour (worn)
 d - a +0 helmet
   (You found it on level 1 of the Dungeon)
Jewellery
 f - a ring of flight (left hand)
   (You found it on level 1 of the Dungeon)
Scrolls
 c - a scroll of identify {@r1}
Comestibles
 e - 2 rations {!d}


   Skills:
 + Level 2.5 Fighting
 * Level 4.0 Polearms
 - Level 1.0 Armour
 + Level 3.0 Dodging
 + Level 2.2 Spellcasting
 + Level 3.5 Charms
 + Level 0.1 Translocations


You had one spell level left.
You knew the following spells:

 Your Spells              Type           Power        Failure   Level  Hunger
a - Infusion              Chrm           ##..         8%          1    ##.....
q - Shroud of Golubria    Chrm/Tloc      #.........   24%         2    ###....
w - Song of Slaying       Chrm           ##......     12%         2    ###....

Your spell library contained the following spells:

 Spells                   Type           Power        Failure   Level  Hunger
 Regeneration             Chrm/Necr      #.........   43%         3    ####...
 Spectral Weapon          Hex/Chrm       #.......     43%         3    ####...


Dungeon Overview and Level Annotations

Branches:
Dungeon (2/15)

Altars:
Uskayaw

Annotations:
D:2 Natasha


Message History

A ball python comes into view.
The ball python hisses angrily.
You hit the crimson imp but do no damage.
The crimson imp closely misses you.
The crimson imp blinks!
You barely miss the crimson imp.
The crimson imp shouts, "Tremble, thou froward wibble-sucking flax-wench!"
The crimson imp barely misses you.
You barely miss the crimson imp.
A goblin comes into view. It is wielding a +0 club.
The crimson imp blinks!
The goblin moves out of view.
You closely miss Natasha.
Your shroud begins to fray at the edges.
The crimson imp blinks!
Natasha stares at you and mumbles some strange words.
You feel yourself slow down.
The goblin shouts!
You hit Natasha.
The crimson imp shouts, "Get thee gone, thou rank boil-brained bugbear!"
Your shroud bends Natasha's attack away.
You hit Natasha but do no damage.
The crimson imp hits you but does no damage.
Natasha misses you.
A hobgoblin comes into view. It is wielding a -1 club.
The crimson imp barely misses you.
You hit Natasha. Natasha misses you. The crimson imp closely misses you.
Natasha barely misses you.
You barely miss Natasha. The crimson imp closely misses you.
The crimson imp blinks!
Natasha claws you but does no damage.
You hit Natasha.
Your shroud unravels.
The crimson imp hits you but does no damage.
Natasha closely misses you. The crimson imp misses you.
You miscast Song of Slaying.
Strange energies run through your body. Natasha claws you!
The crimson imp closely misses you. Natasha closely misses you.
You barely miss Natasha. The crimson imp barely misses you.
Natasha barely misses you. The crimson imp hits you.
You closely miss Natasha.
The crimson imp disappears in a puff of smoke!
Natasha closely misses you. The crimson imp hits you.
* * * LOW HITPOINT WARNING * * *
Natasha claws you!
* * * LOW HITPOINT WARNING * * *
You aren't carrying any potions.
Okay, then.
Okay, then.
You hit Natasha but do no damage. The crimson imp misses you.
Natasha casts a spell at you. The magic dart hits you!
You die...

*,,,,,,,,* ***** *,,,,,,,,* *,,,,
*,*,....,* *** ######**
*,*_)....* *,* #....# *,*.%.h..#*
*,* #.##§# *,,.......*
#.*###.##§### *,,.......*
#.*#..§§§§##.
**,8.8.8..###########.##..§§§§##.
,,,.........ggSh@5..(.#...§§§§##.
*****#......#########.#..§§.§###.
** #####..# #.#....§.###< ,*
#..#########.#.##....... ,*
#..#.<..........#######.
,**#######..#.##.......#.........
,,,..............####....########
,,**##.###)###.### #.#.## ,,* *,*
#.# #.######.#.#


You could see Natasha, a crimson imp, a hobgoblin, a goblin and a ball python.

Vanquished Creatures
  2 leopard geckos (D:1)
  A ball python (D:1)
  2 bats (D:1)
  3 giant cockroaches (D:1)
  8 goblins (D:1)
  7 hobgoblins
  3 jackals
  A frilled lizard (D:1)
  4 kobolds (D:1)
31 creatures vanquished.

Notes
Turn   | Place    | Note
-------+----------+-------------------------------------------
     0 | D:1      | MalarOregon the Merfolk Skald began the quest for the Orb.
     0 | D:1      | Reached XP level 1. HP: 16/16 MP: 3/3
   113 | D:1      | Reached XP level 2. HP: 17/23 MP: 5/5
   395 | D:1      | Reached skill level 1 in Armour
   399 | D:1      | Reached XP level 3. HP: 9/28 MP: 1/6
   653 | D:1      | Learned a level 2 spell: Shroud of Golubria
   656 | D:1      | Learned a level 2 spell: Song of Slaying
   883 | D:1      | Reached skill level 4 in Polearms
  1163 | D:2      | Found a hide-covered altar of Uskayaw.
  1163 | D:2      | Noticed Natasha
  1187 | D:2      | Killed from afar by Natasha

Vault maps used:
D:1:      minmay_arrival_jagged
D:2:      eat_drink_and_be_merry_uskayaw, first_ration, minivault_19,
          uniq_natasha, uniq_crazy_yiuf_cottage, uniq_sigmund

Skill      XL: |  1  2  3 |
---------------+----------+-----
Armour         | 1 |  1.0
Polearms       | 4 |  4.0
Dodging        | 3 |  3.0
Fighting       | |  2.5
Spellcasting   | |  2.2
Charms         | |  3.5
Translocations | |  0.1

Action                   || total
-------------------------++-------
Melee: Spear             ||   173
 Cast: Infusion          ||     2
       Shroud of Golubri ||     8
       Song of Slaying   ||     1
  Use: Scroll            ||     4
  Eat: Chunk             ||     2
Armor: Leather armour    ||    34
Dodge: Dodged            ||    99

Table legend:
 A = Non-vault XP
 B = Vault XP
 C = Vault XP percentage of total XP
 D = Non-vault monster count
 E = Vault monster count
 F = Vault count percentage of total count
                 A         B        C        D         E       F
            +---------+---------+-------+---------+---------+-------
      Total |      58 |       0 |   0.0 |      31 |       0 |   0.0
            +---------+---------+-------+---------+---------+-------
        D:1 |      54 |       0 |   0.0 |      29 |       0 |   0.0
        D:2 |       4 |       0 |   0.0 |       2 |       0 |   0.0
            +---------+---------+-------+---------+---------+-------
